 Dungeon Crawl Stone Soup version 0.17.1-1-g73c8601 (console) character file.

445 Kloppie the Chopper (level 7, -10/66 HPs)
             Began as a Hill Orc Fighter on Dec 13, 2015.
             Mangled by Rationalist's ghost (12 damage)
             ... on level 5 of the Dungeon.
             The game lasted 00:04:11 (3088 turns).

Kloppie the Chopper (Hill Orc Fighter)              Turns: 3088, Time: 00:04:11

Health: -10/66     AC:  6    Str: 26    XL:     7   Next: 3%
Magic:  16/16      EV:  7    Int:  8    God:
Gold:   178        SH:  9    Dex: 10    Spells: 0 memorised, 6 levels left

rFire  . . .     SeeInvis .     a - +0 war axe
rCold  . . .     Clarity  .     b - +0 scale mail
rNeg   . . .     SustAt   .     c - +0 shield
rPois  .         Gourm    +     (no helmet)
rElec  .         Spirit   .     (no cloak)
rCorr  .         Warding  .     (no gloves)
rMut   .         Stasis   .     (no boots)
MR     .....                    y - amulet of the gourmand
Stlth  ..........               (no ring)
                                k - ring of magical power

@: mighty, not resistant to hostile enchantments, extremely unstealthy
A: no striking features
a: no special abilities


You were on level 5 of the Dungeon.
You were not hungry.

You visited 1 branch of the dungeon, and saw 5 of its levels.

You collected 334 gold pieces.
You spent 156 gold pieces at shops.

Inventory:

Hand Weapons
 a - a +0 war axe (weapon)
Armour
 b - a +0 scale mail (worn)
 c - a +0 shield (worn)
Jewellery
 k - a ring of magical power (left hand)
 y - an amulet of the gourmand (around neck)
Scrolls
 f - 2 scrolls of enchant armour {unknown}
 g - 2 scrolls of amnesia {unknown}
 h - a scroll of teleportation {unknown}
 j - 3 scrolls of identify
 l - 6 scrolls of remove curse {unknown}
 p - 4 scrolls of noise {unknown}
 q - a scroll of immolation {unknown}
 r - 2 scrolls of fog {unknown}
 s - 2 scrolls of recharging {unknown}
 w - 2 scrolls of blinking {unknown}
 x - a scroll of random uselessness {unknown}
Potions
 d - a potion of might
 i - 2 potions of degeneration
 n - 4 potions of brilliance
 o - a potion of invisibility
 t - a potion of resistance
 u - a potion of mutation
 z - a potion of berserk rage {unknown}
 B - a potion of curing
Books
 A - a book of Annihilations

   Spells                             Type                      Level
   a - Poison Arrow                   Conjuration/Poison           6
   b - Chain Lightning                Conjuration/Air              8
   c - Lehudib's Crystal Spear        Conjuration/Earth            8
   d - Glaciate                       Conjuration/Ice              9
   e - Fire Storm                     Conjuration/Fire             9
Comestibles
 e - 4 bread rations
 m - a royal jelly
 v - 2 meat rations


   Skills:
 + Level 7.0 Fighting
 + Level 7.0 Axes
 - Level 3.2 Armour
 - Level 3.2 Shields


You had 6 spell levels left.
You didn't know any spells.

Dungeon Overview and Level Annotations

Branches:
Dungeon (5/15)
 Temple: D:4-7

Altars:
Fedhas
Okawaru
Trog

Shops:
D:4 }}**

Annotations:
D:5 Rationalist's ghost, novice FoFi


Message History

Your shield prevents you from hitting Rationalist's ghost.
Rationalist's ghost is lightly damaged.
Rationalist's ghost says, "The earth shall destroy you!"
Rationalist's ghost hits you.
Drink which item? (? for menu, Esc to quit)
You feel very mighty all of a sudden. Rationalist's ghost hits you!
* * * LOW HITPOINT WARNING * * *
You barely miss Rationalist's ghost.
Rationalist's ghost is lightly damaged.
Rationalist's ghost hits you!
* * * LOW HITPOINT WARNING * * *
You slice Rationalist's ghost!!
Rationalist's ghost is moderately damaged.
Rationalist's ghost hits you!
* * * LOW HITPOINT WARNING * * *
You miss Rationalist's ghost.
Rationalist's ghost is moderately damaged.
Rationalist's ghost hits you!
You die...

.#...# #....#
#..######.######## .#...#
#...(# ##................
.#...# #....#
#..#####.######## .#...#
#....####..# #.# .#...#
#...<'...#.## #.# .#...#
#....###.#..####.#######
##...#
#....#...#..##.........#
#....#
##......##...#.........#
#...##
#.......@..<#.........#
#[..#
#......W#.#.#.........#
[...#
#.......#.#.#.........#
....#
#.......#.#..##.#######
....# #......##.##.##.#
...## ##..............#
...#######.######.##.##.#
..###......###.#..#...#.#
..# #..........# #.#.#.#


You could see Rationalist's ghost.

Vanquished Creatures
  A hound (D:4)
  An orc priest (D:4)
  An orc wizard (D:3)
  A jelly (D:5)
  2 giant frog skeletons
  2 iguanas
  3 worker ants (D:4)
  A hound zombie (D:5)
  5 adders
  3 oozes
  A worm (D:2)
  An adder skeleton (D:4)
  9 orcs
  6 bats
  2 giant cockroaches
  2 goblins (D:1)
  8 hobgoblins
  2 jackals (D:3)
  3 quokkas
  2 ball pythons (D:1)
  4 giant geckos
  3 giant newts
  4 kobolds (D:1)
  6 rats
73 creatures vanquished.

Vanquished Creatures (others)
  A wizard (D:3)
1 creature vanquished.

Grand Total: 74 creatures vanquished

Notes
Turn   | Place    | Note
--------------------------------------------------------------
     0 | D:1      | Kloppie the Hill Orc Fighter began the quest for the Orb.
     0 | D:1      | Reached XP level 1. HP: 19/19 MP: 1/1
    53 | D:1      | Reached skill level 4 in Fighting
    53 | D:1      | Reached XP level 2. HP: 21/27 MP: 2/2
   220 | D:1      | Reached XP level 3. HP: 22/33 MP: 3/3
   637 | D:2      | Found a blossoming altar of Fedhas.
   787 | D:2      | Found a bloodstained altar of Trog.
   982 | D:2      | Found an iron altar of Okawaru.
  1201 | D:3      | Reached XP level 4. HP: 39/41 MP: 4/4
  1206 | D:3      | Reached skill level 5 in Fighting
  1310 | D:3      | Found a bloodstained altar of Trog.
  1498 | D:3      | Reached skill level 5 in Axes
  1498 | D:3      | Reached XP level 5. HP: 41/48 MP: 5/5
  1645 | D:3      | Noticed a wizard
  1650 | D:3      | Killed a wizard
  1771 | D:4      | Found Binaif's General Store.
  1865 | D:4      | Found Ockithrugiwk's Assorted Antiques.
  2060 | D:4      | Bought a scroll labeled LIJACO BANUM for 26 gold pieces
  2060 | D:4      | Bought a scroll labeled ZUTSAKHL ETUU for 26 gold pieces
  2060 | D:4      | Bought a scroll labeled IBYZUI GACLO for 26 gold pieces
  2060 | D:4      | Bought a scroll labeled LIJACO BANUM for 26 gold pieces
  2060 | D:4      | Bought a scroll labeled FEZXUODAEREMM for 26 gold pieces
  2060 | D:4      | Bought a scroll labeled LUPORO XECI for 26 gold pieces
  2169 | D:4      | Reached skill level 6 in Fighting
  2169 | D:4      | Reached XP level 6. HP: 49/57 MP: 6/6
  2351 | D:4      | Found Ponysmesm's Gadget Shop.
  2506 | D:4      | Found Meewn's Gadget Shoppe.
  2641 | D:5      | Entered Level 5 of the Dungeon
  2981 | D:5      | Reached skill level 7 in Fighting
  2981 | D:5      | Reached XP level 7. HP: 63/66 MP: 7/7
  3076 | D:5      | Noticed Rationalist's ghost (novice FoFi)
  3087 | D:5      | HP: 1/66 [Rationalist's ghost (14)]
  3088 | D:5      | Mangled by Rationalist's ghost

Action                   |  1- 3 |  4- 6 |  7- 9 || total
-------------------------+-------+-------+-------++-------
Melee: War axe           |    98 |   135 |     8 ||   241
  Use: Scroll            |       |     7 |       ||     7
       Potion            |       |     1 |     1 ||     2
  Eat: Chunk             |     1 |     8 |       ||     9
